 Seeded DCSS version 0.30-a0-691-g754fce4c43 (webtiles) character file.

Game seed: 2721199303573115971 (custom seed)

35 acebull12 the Shield-Bearer (level 3, 10/29 HPs)
             Began as a Formicid Fighter on Jan 19, 2023.
             Quit the game on level 2 of the Dungeon.
             The game lasted 00:02:31 (1047 turns).

acebull12 the Shield-Bearer (Formicid Fighter)      Turns: 1047, Time: 00:02:32

Health: 10/29      AC:  6    Str: 20    XL:     3   Next: 55%
Magic:  3/3        EV:  8    Int:  7    God:
Gold:   49         SH:  9    Dex: 15    Spells: 2/2 levels left

rFire   + . .      SeeInvis +    a - +0 long sword
rCold   + . .      Faith    .    e - +0 kite shield
rNeg    . . .      Spirit   .    b - +0 scale mail
rPois   .          Reflect  .    (helmet unavailable)
rElec   .          Harm     .    i - scarf {rC+ rF+}
rCorr   .          Rampage  .    (no gloves)
Will    .....                    (no boots) Stlth
                                 c - amulet of regeneration
HPRegen 1.04/turn                (no ring)
MPRegen 0.08/turn                (no ring)

@: no status effects
A: permanent stasis, dig shafts and tunnels, antennae 3, four strong arms
a: Dig, Shaft Self


You were on level 2 of the Dungeon.
You visited 1 branch of the dungeon, and saw 3 of its levels.

You collected 49 gold pieces.

Inventory:

Hand Weapons
 a - a +0 long sword (weapon)
Missiles
 l - 22 stones
 p - 5 boomerangs
Armour
 b - a +0 scale mail (worn)
 e - a +0 kite shield (worn)
 i - a scarf of resistance (worn)
Jewellery
 c - an amulet of regeneration (around neck)
Scrolls
 g - a scroll of fear {unknown}
 h - 4 scrolls of identify {unknown}
 o - a scroll of amnesia {unknown}
 q - a scroll of noise {unknown}
Potions
 d - a potion of might
 f - 2 potions of berserk rage {unknown}
 j - a potion of degeneration {unknown}
 k - a potion of brilliance {unknown}
 m - a potion of mutation {unknown}
 n - a potion of magic {unknown}


   Skills:
 + Level 3.3 Fighting
 * Level 3.0 Long Blades
 * Level 3.6 Armour
 * Level 4.4 Shields


You had 2 spell levels left.
You didn't know any spells.
Your spell library was empty.

Dungeon Overview and Level Annotations

Branches:
Dungeon (3/15)

Altars:


Innate Abilities, Weirdness & Mutations

You cannot be hasted, slowed, berserked, paralysed or teleported.
You can dig through walls and to a lower floor.
You have a pair of large antennae on your head. (SInv)
Your four strong arms can wield two-handed weapons with a shield.


Message History

There is an open door here.
You sense a monster nearby.
A bat comes into view.
The bat hits you but does no damage.
You barely miss the bat. You block the bat's attack. x2
You hit the bat.
The bat is severely wounded.
The bat hits you but does no damage.
You barely miss the bat.
The bat is severely wounded.
You block the bat's attack. The bat closely misses you.
Found a scroll labelled VUTWAT VUFE.
The bat hits you.
A bat is nearby!
You hit the bat but do no damage.
The bat is severely wounded.
The bat hits you but does no damage. The bat barely misses you.
You closely miss the bat.
The bat is severely wounded.
The bat barely misses you.
A bat is nearby!
You slash the bat!
You kill the bat!
Your Long Blades skill increases to level 3!
No target in view!
No target in view!
q - a scroll labelled VUTWAT VUFE
Found a scale mail.
Really walk into a travel-excluded area?
Found a scroll labelled QAAVOM YMO.
Really walk into that cloud of flame? [Y]es or [N]o only, please.
Really walk into that cloud of flame?
Okay, then.
You are engulfed in blazing flames.
You resist.
You are engulfed in blazing flames.
You resist.
You are engulfed in blazing flames.
You resist.
* * * LOW HITPOINT WARNING * * *
You see here a +0 trident of venom.
Unknown command.
Are you sure you want to abandon this character and quit the game? (Confirm with "yes".)

#.# #..## #####
## #...# #
#○§§# #☼§§#
#.☼§#
######...#####.
..§.§..)..☼§§.#
..§§☼.....§§§..
...§○..@?.○○☼..
.#####...######
#§.☼# #§§☼#
#§.§#
#...###### {
##.......
#####..#
####...######


There were no monsters in sight!

Vanquished Creatures
  2 adders (D:2)
  2 endoplasms
  A giant cockroach (D:1)
  3 goblins (D:2)
  A quokka (D:2)
  3 ball pythons
  2 bats (D:2)
  2 frilled lizards (D:1)
  2 kobolds (D:2)
  A rat (D:1)
19 creatures vanquished.

Notes
Turn   | Place    | Note
-------+----------+-------------------------------------------
     0 | D:1      | acebull12 the Formicid Fighter began the quest for the Orb.
     0 | D:1      | Reached XP level 1. HP: 18/18 MP: 1/1
   519 | D:1      | Reached XP level 2. HP: 24/24 MP: 2/2
   720 | D:2      | Reached XP level 3. HP: 29/29 MP: 3/3
  1047 | D:2      | Quit the game

Illustrated notes

Levels and vault maps discovered:
D:1:      sevenhm_arrival_forest_fort_large_2, layout_rooms,
          roderic_roman_lattice
D:2:      layout_loops_corners, serial_shops, nicolae_shop_advertising_works
          [nicolae_subvault_shop_adworks], lemuel_flame_loot_1
D:3:      layout_loops_ring, serial_shops, nicolae_shop_stone, uniq_grinder,
          uniq_terence

Skill      XL: |  1  2  3 |
---------------+----------+-----
Long Blades    | 3 |  3.0
Fighting       | |  3.3
Armour         | |  3.6
Shields        | |  4.4

Action                   || total
-------------------------++-------
Melee: Long sword        ||    53
Armor: Scale mail        ||    20
Dodge: Dodged            ||    16
Block: Kite shield       ||    21

Table legend: (Time is in decaauts)
 A = Elapsed time spent in this place.
 B = Non-inter-level travel time spent in this place.
 C = Inter-level travel time spent in this place.
 D = Time resting spent in this place.
 E = Time spent auto-exploring this place.
 F = Levels seen in this place.
 G = Mean time per level.
                   A        B        C        D        E       F      G
               +--------+--------+--------+--------+--------+-----+--------+
         Total |   1069 |   1003 |     66 |      0 |    789 |   3 |  356.3 |
       Dungeon |   1069 |   1003 |     66 |      0 |    789 |   3 |  356.3 |
               +--------+--------+--------+--------+--------+-----+--------+

Top non-repeatable levels by time:
     D:1: 664 daAuts
     D:2: 403 daAuts
     D:3: 1 daAuts
